 Dungeon Sprint DCSS version 0.30-a0-439-g9e77e4d916 (webtiles) character file.

Game seed: 1565638313244831366

6658 mhtbhm the Earth Mage (level 11, -13/61 HPs)
             Began as a Gargoyle Earth Elementalist on Dec 11, 2022.
             Was the Champion of Vehumet.
             Mangled by a two-headed ogre
             ... wielding a +0 giant spiked club
              (32 damage)
             ... in the Dungeon (Sprint V: "Ziggurat Sprint").
             The game lasted 00:10:04 (1109 turns).

mhtbhm the Earth Mage (Gargoyle Earth Elementalist) Turns: 1109, Time: 00:10:05

Health: -13/61     AC: 17    Str: 18    XL:     11   Next: 3%
Magic:  3/27       EV: 14    Int: 20    God:    Vehumet [******]
Gold:   0          SH:  0    Dex: 10    Spells: 15/35 levels left

rFire   + + .      SeeInvis .    A - +8 lance "Wyrmbane" {slay drac, rPois rF+ rC+ AC+3}
rCold   + . .      Faith    .    (no shield)
rNeg    + + +      Spirit   .    a - +2 robe {Archmagi}
rPois   ∞          Reflect  .    (no helmet)
rElec   +          Harm     .    C - +0 cloak
rCorr   .          Rampage  .    w - +0 pair of gloves {Stlth+}
Will    .....      Archmagi +    (no boots)
Stlth   +++....... NoTele   +    r - amulet of magic regeneration
HPRegen 0.30/turn                s - ring of Harmony {rElec Str+6}
MPRegen 0.60/turn                q - ring of the Clam {Fly rPois rF+ rN+++ Stlth-}

@: flying
A: sickness immunity, AC +8, negative energy resistance 1, electricity
resistance, torment resistance 1, petrification resistance
a: Renounce Religion


You were in the Dungeon.
You worshipped Vehumet.
Vehumet was exalted by your worship.
You visited 1 branch

Inventory:

Hand Weapons
 A - the +8 lance "Wyrmbane" (weapon) {slay drac, rPois rF+ rC+ AC+3}
   (You found it in the Dungeon)

   It inflicts extra damage against dragons and draconians.
   AC:        It affects your AC (+3).
   rF:        It protects you from fire.
   rC:        It protects you from cold.
   rPois:     It protects you from poison.
Armour
 a - a +2 robe of the Archmagi (worn)
 w - a +0 pair of gloves of stealth (worn)
 C - a +0 cloak (worn)
Jewellery
 q - the ring of the Clam (right hand) {Fly rPois rF+ rN+++ Stlth-}
   (You found it in the Dungeon)

   [ring of protection from fire]

   rF:        It protects you from fire.
   rPois:     It protects you from poison.
   rN:        It renders you almost immune to negative energy.
   Fly:       It grants you flight.
   Stlth:     It makes you less stealthy.
 r - an amulet of magic regeneration (around neck)
 s - the ring of Harmony (left hand) {rElec Str+6}
   (You found it in the Dungeon)

   [ring of strength]

   Str:       It affects your strength (+6).
   rElec:     It insulates you from electricity.
 t - a +4 ring of protection
 D - a ring of see invisible
Wands
 u - a wand of flame (10)
 x - a wand of mindburst (3)
 y - a wand of acid (3)
 B - a wand of polymorph (17)
Scrolls
 g - 4 scrolls of blinking
 m - 4 scrolls of amnesia
 n - 6 scrolls of fog
 o - 5 scrolls of identify
Potions
 b - 8 potions of magic
 c - 10 potions of curing
 d - 14 potions of heal wounds
 e - 6 potions of haste
 f - 3 potions of berserk rage
 h - 2 potions of brilliance
 i - 3 potions of invisibility
 j - 4 potions of resistance
 k - a potion of experience
 l - 5 potions of might
Miscellaneous
 v - a condenser vane (inert)
 z - a lightning rod (4/4)
 E - a box of beasts


   Skills:
 + Level 4.2 Fighting
 + Level 8.2 Dodging
 + Level 7.6 Stealth
 + Level 12.5 Spellcasting
 + Level 6.1 Conjurations
 + Level 1.5 Transmutations
 + Level 19.0 Earth Magic
 + Level 7.7 Evocations


You had 15 spell levels left.
You knew the following spells:

 Your Spells              Type           Power      Damage    Failure   Level
a - Sandblast             Erth           100%       2d20      0%          1
b - Passwall              Tmut/Erth      57%        N/A       1%          2
c - Stone Arrow           Conj/Erth      100%       3d13      1%          3
d - Petrify               Tmut/Erth      69%        N/A       1%          4
e - Iron Shot             Conj/Erth      38%        9d8       1%          6
f - Flame Wave            Conj/Fire      37%        2d10      4%          4

Your spell library contained the following spells:

 Spells                   Type           Power      Damage    Failure   Level
 Yara's Violent Unravell  Hex/Tmut       11%        3d6       28%         5
 Kiss of Death            Conj/Necr      100%       2d13      1%          1
 Momentum Strike          Conj/Tloc      74%        3d10      1%          2
 Animate Armour           Summ/Erth      100%       N/A       1%          4
 Poisonous Vapours        Pois/Air       36%        N/A       2%          2
 Scorch                   Fire           36%        2d7       2%          2
 Borgnjor's Vile Clutch   Necr/Erth      33%        N/A       3%          5
 Sting                    Tmut/Pois      92%        1d7       4%          1
 Blink                    Tloc           36%        N/A       9%          2
 Olgreb's Toxic Radiance  Pois           18%        N/A       14%         4
 Lesser Beckoning         Tloc           36%        N/A       16%         3
 Portal Projectile        Hex/Tloc       36%        N/A       16%         3
 Manifold Assault         Tloc           18%        N/A       47%         4
 Blade Hands              Tmut           14%        N/A       61%         5
 Dispersal                Tloc           9%         N/A       100%        6
 Summon Cactus Giant      Summ           9%         N/A       100%        6
 Disjunction              Tloc           9%         N/A       100%        8
 Infestation              Necr           9%         N/A       100%        8


Dungeon Overview and Level Annotations

Branches:
Dungeon (1/1)

Altars:
Ashenzari
Cheibriados
Dithmenos
Elyvilon
Fedhas
Gozag
Hepliaklqana
Kikubaaqudgha
Makhleb
Nemelex Xobeh
Okawaru
Qazlal
Ru
Sif Muna
Trog
Uskayaw
Vehumet
Wu Jian
Xom
Yredelemnul
Zin
The Shining One
Jiyva
Lugonu


Innate Abilities, Weirdness & Mutations

You are immune to sickness and miasma.
Your stone body is resilient. (AC +8)
You are immune to poison.
You resist negative energy. (rN+)
You are resistant to electric shocks. (rElec)
You are resistant to unholy torment.
You are immune to petrification.


Message History

Unknown command.
Unknown command.
Casting: Iron Shot (dangerous; 1% risk of failure)
Confirm with . or Enter, or press ? or * to list all spells.
Aiming: Iron Shot (dangerous; 1% risk of failure)
Press: ? - help, Shift-Dir - straight line, f/p - frost giant
Aim: a frost giant, wielding a +2 battleaxe of freezing (moderately wounded, 98% to hit)
You feel a surge of power!
The iron shot hits the frost giant!!
The frost giant is heavily wounded.
The two-headed ogre hits you with a +0 giant club.
The two-headed ogre hits you with a +0 giant club!
Unknown command.
Unknown command.
Unknown command.
Clouds of freezing vapour condense around you!
The condenser dries out!
The fire giant is engulfed in freezing vapours.
The two-headed ogre is engulfed in freezing vapours.
The two-headed ogre misses you.
The two-headed ogre hits you with a +0 giant club!
The frost giant is engulfed in freezing vapours.
The two-headed ogre is engulfed in freezing vapours. x2
The two-headed ogre barely misses you. x2
Unknown command.
Unknown command.
Unknown command.
Unknown command.
Unknown command.
You feel much better.
The two-headed ogre is engulfed in freezing vapours.
The two-headed ogre misses you.
The two-headed ogre hits you with a +0 giant club!
The fire giant is engulfed in freezing vapours.
The frost giant is engulfed in freezing vapours.
The frost giant points at you and mumbles some strange words.
The bolt of cold hits you! You resist.
The two-headed ogre is engulfed in freezing vapours.
The two-headed ogre hits you with a +0 giant spiked club!!
Ouch! That really hurt!
You die...

▓..)..))..▓
▓§§|C=:}..▓...)))...▓
▓§§....O..▓.........▓
▓C........▓.........▓
▓.........▓.........▓
▓.§§§§§§..▓....)....▓
▓.§§§§§§..▓.▓.....▓.▓
▓.▓COOO§▓.▓....©....▓
▓..§§@§...▓▓▓▓▓▓▓▓▓▓▓
▓▓▓▓▓▓▓▓▓▓▓


You could see a frost giant, a fire giant, 4 two-headed ogres and a cyclops.

Vanquished Creatures
  A fire giant (D)
  A mummy priest (D)
  Erica (D)
  A spriggan druid (D)
  2 black mambas (D)
  2 naga magi (D)
  2 tarantellas (D)
  Sigmund (D)
  2 spriggans (D)
  2 water moccasins (D)
  2 nagas (D)
  Edmund (D)
  3 hell hounds (D)
  Duvessa (D)
  A black bear (D)
  2 wolves (D)
  2 phantoms (D)
  Blork the orc (D)
  A necrophage (D)
  2 scorpions (D)
  A wight (D)
  Dowan (D)
  2 quasits (D)
  Crazy Yiuf (D)
  Jessica (D)
  2 mummies (D)
  An adder (D)
  A shadow imp (D)
  An adder skeleton (D)
  2 adder zombies (D)
  A ball python (D)
  2 bat skeletons (D)
  A bat zombie (D)
  A ball python skeleton (D)
  A ball python zombie (D)
  3 giant cockroach zombies (D)
  2 quokka skeletons (D)
55 creatures vanquished.

Notes
Turn   | Place    | Note
-------+----------+-------------------------------------------
     0 | D        | mhtbhm the Gargoyle Earth Elementalist began the quest for
                  | the Orb.
     0 | D        | Reached XP level 1. HP: 10/10 MP: 3/3
     0 | D        | Found a shimmering blue altar of Sif Muna.
     0 | D        | Found a bloodstained altar of Trog.
     0 | D        | Found a sacrificial altar of Ru.
     0 | D        | Found a stormy altar of Qazlal.
     0 | D        | Found an iron altar of Okawaru.
     1 | D        | Found a sparkling altar of Nemelex Xobeh.
     1 | D        | Found a blossoming altar of Fedhas.
     1 | D        | Found the +6 Majin-Bo {vamp, MP+6 Int+6}
     1 | D        | Found the +27 heavy crossbow "Sniper" {vorpal, Acc+∞ SInv}
     1 | D        | Found the +10 dark maul {vorpal}
     1 | D        | Found the +15 Maxwell's patent armour {-Cast -Tele rElec
                  | Will+ rCorr}
     1 | D        | Found the +18 shield of the Gong {rElec rN+ Will+ EV-5}
     1 | D        | Found the +14 obsidian axe {vorpal, Mesm Drain Fly SInv}
     1 | D        | Found the +7 great mace "Firestarter" {inner flame, rF++}
     1 | D        | Found the +6 shillelagh "Devastator" {shatter}
     1 | D        | Found the +11 plutonium sword {Contam Stlth-}
     1 | D        | Found the +8 lance "Wyrmbane" {slay drac, rPois rF+ rC+
                  | AC+3}
     1 | D        | Found the +9 sword of Zonguldrok {reap}
     1 | D        | Found the +13 scythe of Curses {drain, Drain}
     1 | D        | Found the +5 sword of Power {vorpal}
     1 | D        | Found the +7 mace of Variability {chain chaos}
     1 | D        | Found the +7 Singing Sword {vorpal, sonic wave}
     1 | D        | Found the +8 storm bow {elec, penet}
     3 | D        | Found a transporter.
     3 | D        | Found an ancient bone altar of Kikubaaqudgha.
     3 | D        | Found a viscous altar of Jiyva.
     3 | D        | Found a corrupted altar of Lugonu.
     3 | D        | Found a hazy altar of Hepliaklqana.
     3 | D        | Found a burning altar of Makhleb.
     3 | D        | Found an opulent altar of Gozag.
    20 | D        | Became a worshipper of Vehumet
    59 | D        | Entered arena 2.
    59 | D        | Noticed a quasit
    59 | D        | Found a transporter.
    61 | D        | Reached skill level 4 in Earth Magic
    61 | D        | Killed a quasit
    62 | D        | Reached skill level 6 in Earth Magic
    62 | D        | Reached XP level 2. HP: 15/15 MP: 3/6
    62 | D        | Reached XP level 3. HP: 19/19 MP: 3/7
   108 | D        | Learned a level 2 spell: Passwall
   112 | D        | Learned a level 3 spell: Stone Arrow
   117 | D        | Entered arena 3.
   117 | D        | Noticed a naga
   117 | D        | Found a transporter.
   119 | D        | Reached * piety under Vehumet
   119 | D        | Offered knowledge of Shock by Vehumet.
   120 | D        | Reached skill level 1 in Transmutations
   120 | D        | Reached skill level 7 in Earth Magic
   121 | D        | Killed a naga
   122 | D        | Reached skill level 9 in Earth Magic
   122 | D        | Reached skill level 1 in Evocations
   122 | D        | Reached XP level 4. HP: 24/24 MP: 7/10
   122 | D        | Reached XP level 5. HP: 28/28 MP: 7/11
   128 | D        | Got the ring of the Clam {Fly rPois rF+ rN+++ Stlth-}
   162 | D        | Entered arena 4.
   162 | D        | Noticed a tarantella
   162 | D        | Noticed a tarantella
   162 | D        | Found a transporter.
   164 | D        | Killed a tarantella
   164 | D        | Reached ** piety under Vehumet
   165 | D        | Reached skill level 5 in Stealth
   165 | D        | Reached skill level 5 in Spellcasting
   165 | D        | Reached skill level 12 in Earth Magic
   165 | D        | Reached XP level 6. HP: 32/32 MP: 11/14
   170 | D        | Reached skill level 13 in Earth Magic
   170 | D        | Reached XP level 7. HP: 19/36 MP: 9/16
   170 | D        | Killed a tarantella
   171 | D        | Reached skill level 14 in Earth Magic
   244 | D        | Learned a level 4 spell: Petrify
   251 | D        | Learned a level 6 spell: Iron Shot
   253 | D        | Entered arena 5.
   253 | D        | Found the +8 autumn katana {vorpal, manifold assault}
   253 | D        | Found a transporter.
   255 | D        | Reached *** piety under Vehumet
   263 | D        | Reached skill level 5 in Dodging
   267 | D        | Reached **** piety under Vehumet
   369 | D        | Entered arena 6.
   369 | D        | Noticed a mummy priest
   369 | D        | Found a transporter.
   370 | D        | Offered knowledge of Poisonous Vapours by Vehumet.
   378 | D        | Reached ***** piety under Vehumet
   378 | D        | Killed a mummy priest
   379 | D        | Reached skill level 1 in Fighting
   379 | D        | Reached skill level 1 in Conjurations
   379 | D        | Reached skill level 15 in Earth Magic
   379 | D        | Reached XP level 8. HP: 23/43 MP: 5/20
   475 | D        | Entered arena 7.
   476 | D        | Found a transporter.
   484 | D        | Reached XP level 9. HP: 22/47 MP: 8/22
   568 | D        | Got the Disquisition on Displaced Death
   584 | D        | Entered arena 8.
   584 | D        | Noticed a spriggan druid
   586 | D        | Found a transporter.
   594 | D        | Offered knowledge of Kindle Blastsparks by Vehumet.
   595 | D        | Reached skill level 16 in Earth Magic
   599 | D        | Killed a spriggan druid
   599 | D        | Reached ****** piety under Vehumet
   600 | D        | Reached skill level 5 in Evocations
   601 | D        | Reached skill level 10 in Spellcasting
   607 | D        | Reached skill level 17 in Earth Magic
   703 | D        | Got the ring of Harmony {rElec Str+6}
   716 | D        | Entered arena 9.
   716 | D        | Noticed a naga mage
   716 | D        | Noticed a naga mage
   716 | D        | Noticed a black mamba
   716 | D        | Noticed a black mamba
   717 | D        | Found a transporter.
   720 | D        | Killed a black mamba
   722 | D        | Killed a black mamba
   722 | D        | Killed a naga mage
   723 | D        | Reached XP level 10. HP: 42/56 MP: 23/25
   724 | D        | Killed a naga mage
   725 | D        | Reached skill level 18 in Earth Magic
   807 | D        | Entered arena 10.
   807 | D        | Noticed Sigmund
   807 | D        | Noticed Jessica
   807 | D        | Noticed Blork the orc
   807 | D        | Noticed Crazy Yiuf
   807 | D        | Noticed Dowan
   807 | D        | Noticed Duvessa
   807 | D        | Noticed Edmund
   807 | D        | Noticed Erica
   808 | D        | Killed Jessica
   808 | D        | Offered knowledge of Iskenderun's Mystic Blast by Vehumet.
   810 | D        | Killed Blork the orc
   810 | D        | Killed Erica
   810 | D        | Killed Dowan
   810 | D        | Killed Edmund
   810 | D        | Killed Sigmund
   811 | D        | Reached skill level 5 in Conjurations
   812 | D        | Killed Duvessa
   832 | D        | Found a transporter.
   835 | D        | Killed Crazy Yiuf
   966 | D        | Entered arena 11.
   970 | D        | Offered knowledge of Airstrike by Vehumet.
   975 | D        | Found a transporter.
  1081 | D        | Learned a level 4 spell: Flame Wave
  1094 | D        | Entered arena 12.
  1094 | D        | Noticed a cyclops
  1094 | D        | Noticed a two-headed ogre
  1094 | D        | Noticed a fire giant
  1094 | D        | Noticed a two-headed ogre
  1094 | D        | Noticed a cyclops
  1094 | D        | Noticed a two-headed ogre
  1095 | D        | Noticed a frost giant
  1095 | D        | Noticed a cyclops
  1096 | D        | Noticed a two-headed ogre
  1096 | D        | Noticed a fire giant
  1104 | D        | Killed a fire giant
  1104 | D        | Offered knowledge of Yara's Violent Unravelling by Vehumet.
  1105 | D        | Reached skill level 19 in Earth Magic
  1105 | D        | Reached XP level 11. HP: 22/61 MP: 12/27
  1109 | D        | Mangled by a two-headed ogre

Illustrated notes

Levels and vault maps discovered:
D:        sprint_v [room_start, room_1, room_2, room_3, room_4, room_5, room_6,
          room_7, room_8, room_9, room_10, room_11, room_12, room_13, room_14,
          room_15, room_16, room_17, room_18, room_19, room_20, room_21,
          room_22, room_23, room_24, room_25, room_26, room_27]

Skill      XL: |  1  2  3  4  5  6  7  8  9 10 |
---------------+-------------------------------+-----
Earth Magic    | 6 9 12 13 15 17 19 | 19.0
Dodging        | 2 3 4 6 7 8 |  8.2
Spellcasting   | 3 4 5 6 8 9 11 12 | 12.5
Stealth        | 4 5 6 7 |  7.6
Transmutations | 1 |  1.5
Evocations     | 1 2 4 6 7 |  7.7
Fighting       | 1 3 4 |  4.2
Conjurations   | 1 2 3 6 |  6.1

Action                   |  1- 3 |  4- 6 |  7- 9 | 10-12 || total
-------------------------+-------+-------+-------+-------++-------
Melee: Lance             |       |       |     1 |       ||     1
 Cast: Sandblast         |     1 |     1 |    20 |       ||    22
       Stone Arrow       |       |     1 |    12 |    11 ||    24
       Iron Shot         |       |       |     3 |     9 ||    12
Evoke: Wand              |     2 |       |     4 |     2 ||     8
       Lightning rod     |     3 |     3 |    13 |     4 ||    23
       Condenser vane    |       |       |       |     3 ||     3
  Use: Potion            |       |     2 |     1 |     4 ||     7
       Scroll            |       |       |     1 |     2 ||     3
Armor: Robe              |       |     4 |    38 |     2 ||    44
Dodge: Dodged            |     1 |     6 |    46 |     6 ||    59

Table legend: (Time is in decaauts)
 A = Elapsed time spent in this place.
 B = Non-inter-level travel time spent in this place.
 C = Inter-level travel time spent in this place.
 D = Time resting spent in this place.
 E = Time spent auto-exploring this place.
 F = Levels seen in this place.
 G = Mean time per level.
                   A        B        C        D        E       F      G
               +--------+--------+--------+--------+--------+-----+--------+
         Total |   1116 |   1116 |      0 |    630 |      0 |   1 | 1116.0 |
       Dungeon |   1116 |   1116 |      0 |    630 |      0 |   1 | 1116.0 |
               +--------+--------+--------+--------+--------+-----+--------+

Top non-repeatable levels by time:
       D: 1116 daAuts
